 Dungeon Sprint DCSS version bcrawl-1.20.1-3-gdcb1fc31ed (webtiles) character file.

Game seed: 15760120043424876666

21546 Freyura the Bludgeoner (level 12, -15/123 HPs)
             Began as a Naga Fighter on Jan 29, 2020.
             Was the Champion of Cheibriados.
             Demolished by a stone giant (28 damage)
             ... in the Dungeon (Sprint IX: "|||||||||||||||||||||||||||||").
             The game lasted 00:16:21 (2798 turns).

Freyura the Bludgeoner (Naga Fighter)               Turns: 2798, Time: 00:16:22

Health: -15/123    AC: 19    Str: 34    XL:     12   Next: 91%
Magic:  7/21       EV: 18    Int: 24    God:    Cheibriados [******]
Gold:   1900       SH: 15    Dex: 30    Spells: 11/11 levels left

rFire    x . .     SeeInvis +   p - +2 morningstar (protect)
rCold    + + .     Gourm    .   c - +0 shield
rNeg     . . .     Faith    .   y - +1 ice dragon scales
rPois    +         Spirit   .   r - +0 helmet
rElec    .         Reflect  .   t - +0 cloak
rCorr    .         Harm     .   x - +1 pair of gloves
MR       +....     NoTele   +   (no barding)
Stlth    ++........             (no amulet)
HPRegen  0.30/turn              (no ring)
MPRegen  0.17/turn              (no ring)

@: very slow
A: large, see invisible, deformed body, poison resistance, slowness 2, slow
metabolism 1, spit poison 1, AC +4
a: Spit Poison, Bend Time, Temporal Distortion, Slouch, Step From Time, Renounce
Religion


You were in the Dungeon.
You worshipped Cheibriados.
Cheibriados was exalted by your worship.
You were hungry.

You visited 1 branch You collected 1900 gold pieces.

Inventory:

Hand Weapons
 p - a +2 morningstar of protection (weapon)
Armour
 c - a +0 shield (worn)
 r - a +0 helmet (worn)
 t - a +0 cloak (worn)
 x - a +1 pair of gloves (worn)
 y - +1 ice dragon scales (worn)
Wands
 n - a wand of acid (8)
Scrolls
 b - 4 scrolls of identify
 d - 2 scrolls of fog
 h - 3 scrolls of fear
 k - 2 scrolls of blinking
 l - 4 scrolls of remove curse
 m - 2 scrolls of amnesia
 w - 2 scrolls of enchant weapon
Potions
 f - 9 potions of curing
 g - 7 potions of heal wounds
 i - 4 potions of magic
 j - a potion of invisibility
 v - a potion of mutation
Miscellaneous
 a - a phial of floods
Comestibles
 e - 12 rations {!d}


   Skills:
 + Level 12.7 Fighting
 + Level 16.5 Maces & Flails
 + Level 10.9 Armour
 + Level 10.5 Dodging
 + Level 5.5 Stealth
 + Level 10.8 Shields
 + Level 12.5 Invocations
 + Level 8.0 Evocations


You had 11 spell levels left.
You didn't know any spells.
Your spell library was empty.

Dungeon Overview and Level Annotations

Branches:
Dungeon (1/1)

Altars:
Cheibriados
Dithmenos
Elyvilon
Fedhas
Gozag
Hepliaklqana
Kikubaaqudgha
Lugonu
Makhleb
Nemelex Xobeh
Okawaru
Qazlal
Ru
Sif Muna
Trog
Uskayaw
Vehumet
Wu Jian
Xom
Yredelemnul
Zin
The Shining One
Beogh
Jiyva

Shops:
D ((!?


Innate Abilities, Weirdness & Mutations

You cannot wear boots.
Your serpentine skin is tough. (AC +4)
You have supernaturally acute eyesight. (SInv)
Armour fits poorly on your strangely shaped body.
Your system is resistant to poisons. (rPois)
You cover ground very slowly.
You have a slow metabolism.
You can spit poison.


Message History

The purple ugly thing is heavily wounded.
The stone giant shouts!
You bludgeon the purple ugly thing!!
The purple ugly thing is almost dead.
You block the purple ugly thing's attack.
You can feel time thicken for a moment.
You kill the purple ugly thing!
Cheibriados appreciates the change of pace.
Your Evocations skill increases to level 8!
You feel somewhat more hungry.
The stone giant throws a large rock.
The large rock hits you.
The stone giant throws a large rock.
The large rock hits you!!
The stone giant throws a large rock.
The large rock hits you!!
* * * LOW HITPOINT WARNING * * *
The stone giant throws a large rock.
You block the large rock.
Items here: ( )) [ †† The stone giant throws a large rock.
The large rock hits you!
* * * LOW HITPOINT WARNING * * *
The stone giant hits you!!
You die...

▓'▓.▓÷▓.▓)▓.▓.▓
▓.▓.▓.▓.▓)▓.▓)▓
▓.▓.▓.▓.▓.▓.▓)▓
▓|▓.▓.▓.▓)▓.▓)▓
▓)▓.▓.▓.▓.▓.▓)▓
▓.▓.▓÷▓.▓∩▓.▓)▓
▓.▓.▓.▓.▓.▓.▓)▓
▓.▓.▓.▓.▓∩▓.▓.▓
▓.▓.▓.▓.▓)▓.▓@▓
▓[▓.▓!▓.▓∩▓.▓C▓
▓)▓.▓.▓.▓)▓.▓.▓
▓.▓.▓.▓.▓∩▓.▓.▓
▓.▓.▓.▓.▓.▓.▓.▓
▓.▓.▓'▓.▓.▓.▓.▓
▓.▓.▓.▓.▓.▓.▓.▓
▓.▓.▓.▓.▓.▓.▓.▓
▓.▓.▓.▓.▓.▓.▓


You could see a stone giant.

Vanquished Creatures
  Josephine (D)
  2 hydras (D)
  2 catoblepae (D)
  An ogre mage (D)
  A centaur warrior (D)
  3 death yaks (D)
  A deep troll earth mage (D)
  An orc high priest (D)
  A cyclops (D)
  A wizard (D)
  11 orc knights (D)
  An orc sorcerer (D)
  2 ugly things (D)
  An elephant (D)
  2 cane toads (D)
  A yaktaur (D)
  A komodo dragon (D)
  A polar bear (D)
  A slime creature (D)
  2 blink frogs (D)
  4 wraiths (D)
  3 yaks (D)
  Grum (D)
  A basilisk (D)
  3 crocodiles (D)
  4 water moccasins (D)
  An acid dragon (D)
  A sky beast (D)
  An ice beast (D)
  15 orc warriors (D)
  An ogre (D)
  3 wolves (D)
  A centaur (D)
  3 bullfrogs (D)
  A scorpion (D)
  A wight (D)
  2 crimson imps (D)
  4 orc priests (D)
  2 orc wizards (D)
  2 worker ants (D)
  2 adders (D)
  2 shadow imps (D)
  2 dart slugs (D)
  7 orcs (D)
  A goblin (D)
  A ball python simulacrum (D)
  A frilled lizard (D)
  A leopard gecko skeleton (D)
  A rat (D)
109 creatures vanquished.

Notes
Turn   | Place    | Note
-------+----------+-------------------------------------------
     0 | D        | Freyura the Naga Fighter began the quest for the Orb.
     0 | D        | Reached XP level 1. HP: 21/21 MP: 1/1
    12 | D        | Reached skill level 3 in Maces & Flails
    12 | D        | Reached skill level 1 in Dodging
    12 | D        | Reached XP level 2. HP: 28/28 MP: 2/2
    21 | D        | Noticed a crimson imp
    21 | D        | Noticed an ogre
    21 | D        | Noticed a scorpion
    30 | D        | Killed a crimson imp
    30 | D        | Reached skill level 4 in Maces & Flails
    30 | D        | Reached XP level 3. HP: 36/36 MP: 3/3
    32 | D        | Reached XP level 4. HP: 44/44 MP: 4/4
    40 | D        | Killed an ogre
    40 | D        | Reached skill level 5 in Fighting
    40 | D        | Reached skill level 6 in Maces & Flails
    40 | D        | Reached XP level 5. HP: 23/52 MP: 5/5
    45 | D        | HP: 1/52 [scorpion (7)]
   329 | D        | Found a roughly hewn altar of Beogh.
   329 | D        | Found a snail-covered altar of Cheibriados.
   329 | D        | Found a shadowy altar of Dithmenos.
   329 | D        | Found a white marble altar of Elyvilon.
   329 | D        | Found a blossoming altar of Fedhas.
   329 | D        | Found an opulent altar of Gozag.
   330 | D        | Found a hazy altar of Hepliaklqana.
   331 | D        | Found a viscous altar of Jiyva.
   332 | D        | Found an ancient bone altar of Kikubaaqudgha.
   333 | D        | Found a corrupted altar of Lugonu.
   334 | D        | Found a burning altar of Makhleb.
   335 | D        | Found a sparkling altar of Nemelex Xobeh.
   336 | D        | Found an iron altar of Okawaru.
   337 | D        | Found a stormy altar of Qazlal.
   338 | D        | Found a sacrificial altar of Ru.
   339 | D        | Found a shimmering blue altar of Sif Muna.
   340 | D        | Found a bloodstained altar of Trog.
   341 | D        | Found a hide-covered altar of Uskayaw.
   342 | D        | Found a radiant altar of Vehumet.
   343 | D        | Found an ornate altar of the Wu Jian Council.
   344 | D        | Found a shimmering altar of Xom.
   345 | D        | Found a basalt altar of Yredelemnul.
   346 | D        | Found a glowing silver altar of Zin.
   347 | D        | Found a glowing golden altar of the Shining One.
   367 | D        | Became a worshipper of Cheibriados the Contemplative
   399 | D        | Got the +2 halberd of the Wasp {antimagic, rPois}
   438 | D        | Noticed a cyclops
   438 | D        | Noticed a sky beast
   438 | D        | Noticed an ice beast
   448 | D        | Killed a cyclops
   448 | D        | Reached skill level 9 in Maces & Flails
   448 | D        | Reached skill level 5 in Armour
   448 | D        | Reached skill level 5 in Dodging
   448 | D        | Reached skill level 5 in Shields
   448 | D        | Reached XP level 6. HP: 59/66 MP: 5/9
   448 | D        | Reached XP level 7. HP: 64/72 MP: 5/10
   452 | D        | Reached * piety under Cheibriados
   461 | D        | Reached ** piety under Cheibriados
   461 | D        | Reached skill level 5 in Invocations
   462 | D        | Reached XP level 8. HP: 54/80 MP: 6/11
   468 | D        | Reached *** piety under Cheibriados
   555 | D        | Noticed a six-headed hydra
   562 | D        | Reached skill level 10 in Maces & Flails
   563 | D        | Reached **** piety under Cheibriados
   565 | D        | Reached ***** piety under Cheibriados
   573 | D        | Killed a six-headed hydra
   573 | D        | Reached skill level 11 in Maces & Flails
   573 | D        | Reached XP level 9. HP: 45/90 MP: 7/14
   845 | D        | Noticed a komodo dragon
   851 | D        | Killed a komodo dragon
   855 | D        | Noticed an eight-headed hydra
   857 | D        | Noticed a cane toad
   866 | D        | Reached ****** piety under Cheibriados
   866 | D        | Reached skill level 12 in Maces & Flails
   866 | D        | Killed a cane toad
   869 | D        | Killed an eight-headed hydra
   869 | D        | Reached XP level 10. HP: 39/100 MP: 9/16
  1094 | D        | Noticed a cane toad
  1095 | D        | Killed a cane toad
  1095 | D        | Reached skill level 13 in Maces & Flails
  1095 | D        | Reached skill level 10 in Fighting
  1096 | D        | Noticed an elephant
  1108 | D        | Killed an elephant
  1177 | D        | Noticed a catoblepas
  1177 | D        | Noticed a catoblepas
  1177 | D        | Noticed a death yak
  1179 | D        | Reached skill level 1 in Evocations
  1179 | D        | Noticed a death yak
  1180 | D        | Killed a catoblepas
  1180 | D        | Killed a catoblepas
  1180 | D        | Reached skill level 14 in Maces & Flails
  1180 | D        | Reached XP level 11. HP: 110/110 MP: 7/18
  1180 | D        | Killed a death yak
  1180 | D        | Reached skill level 10 in Invocations
  1181 | D        | Noticed a death yak
  1191 | D        | Killed a death yak
  1201 | D        | Killed a death yak
  1539 | D        | Noticed an orc sorcerer
  1542 | D        | Killed an orc sorcerer
  1547 | D        | Noticed an orc high priest
  1562 | D        | Killed an orc high priest
  1816 | D        | Noticed an orc knight
  1833 | D        | Killed an orc knight
  1833 | D        | Reached skill level 15 in Maces & Flails
  1834 | D        | Noticed an orc knight
  1835 | D        | Reached skill level 5 in Evocations
  1835 | D        | Noticed an orc knight
  1841 | D        | Killed an orc knight
  1851 | D        | Killed an orc knight
  1975 | D        | Found Muddec's Antique Weapon Emporium.
  1975 | D        | Noticed an orc knight
  1975 | D        | Noticed an orc knight
  1975 | D        | Noticed an orc knight
  1981 | D        | Killed an orc knight
  1986 | D        | Killed an orc knight
  1986 | D        | Reached skill level 10 in Armour
  1986 | D        | Reached skill level 10 in Shields
  1986 | D        | Reached XP level 12. HP: 59/121 MP: 15/20
  1996 | D        | Found Itwateoc's Weapon Shoppe.
  2184 | D        | Found Noshrysm's Distillery.
  2188 | D        | Found Gidwette's Magic Scroll Shoppe.
  2223 | D        | HP: 6/122 [orc knight/+0 great sword (11)]
  2524 | D        | Noticed Grum
  2532 | D        | Killed Grum
  2535 | D        | Reached skill level 10 in Dodging
  2563 | D        | Reached skill level 16 in Maces & Flails
  2574 | D        | Noticed Josephine
  2585 | D        | Killed Josephine
  2758 | D        | Noticed an ogre mage
  2764 | D        | Reached skill level 1 in Stealth
  2765 | D        | Noticed a deep troll earth mage
  2766 | D        | Noticed a centaur warrior
  2770 | D        | Killed an ogre mage
  2772 | D        | Killed a deep troll earth mage
  2772 | D        | Killed a centaur warrior
  2785 | D        | Reached skill level 5 in Stealth
  2792 | D        | Noticed a stone giant
  2798 | D        | Demolished by a stone giant

Skill      XL: |  1  2  3  4  5  6  7  8  9 10 11 12 |
---------------+-------------------------------------+-----
Maces & Flails | 3 4 6 9 11 12 14 15 16 | 16.5
Dodging        | 1 2 3 5 6 7 8 9 10 | 10.5
Fighting       | 4 5 7 8 9 10 11 12 | 12.7
Armour         | 3 4 5 6 7 8 9 10 | 10.9
Shields        | 3 4 5 6 7 8 9 10 | 10.8
Invocations    | 4 5 6 8 9 11 12 | 12.5
Evocations     | 2 5 8 |  8.0
Stealth        | 5 |  5.5

Action                   |  1- 3 |  4- 6 |  7- 9 | 10-12 || total
-------------------------+-------+-------+-------+-------++-------
Melee: Flail             |    21 |    14 |       |       ||    35
       Morningstar       |       |     8 |    58 |   206 ||   272
Invok: Slouch            |       |       |     2 |    15 ||    17
 Abil: Spit Poison       |       |     2 |     3 |     2 ||     7
Evoke: Wand              |       |       |       |     2 ||     2
  Use: Potion            |     1 |     1 |     1 |     1 ||     4
  Eat: Ration            |       |       |       |     1 ||     1
       Chunk             |       |       |       |     1 ||     1
Armor: Scale mail        |     7 |       |       |       ||     7
       Chain mail        |       |     2 |    35 |    11 ||    48
       Ice dragon scales |       |       |       |     6 ||     6
Dodge: Dodged            |     1 |     1 |    25 |    51 ||    78
Block: Shield            |     8 |     7 |    42 |    96 ||   153
